 Dungeon Crawl Stone Soup version 0.29.1-1-gd02db6906a (webtiles) character file.

Game seed: 5576527923742609977

33 xian the Stinger (level 3, -4/16 HPs)
             Began as a Vine Stalker Venom Mage on Oct 2, 2022.
             Slain by a gnoll
             ... wielding a +0 flail
              (5 damage)
             ... on level 3 of the Dungeon.
             The game lasted 00:05:06 (2440 turns).

xian the Stinger (Vine Stalker Venom Mage)          Turns: 2440, Time: 00:05:06

Health: -4/16      AC:  9    Str: 10    XL:     3   Next: 29%
Magic:  0/16       EV: 10    Int: 15    God:
Gold:   68         SH:  0    Dex: 14    Spells: 0/6 levels left

rFire   . . .      SeeInvis .   h - +0 hand axe
rCold   . . .      Faith    .   (no shield)
rNeg    + . .      Spirit   +   r - +4 ring mail of the Slightly Bent {rN+ MP+9 Int-2}
rPois   .          Reflect  .   (no helmet)
rElec   .          Harm     .   (no cloak)
rCorr   .          Rampage  .   (no gloves)
Will    .....                   (no boots)
Stlth   ++........              (no amulet)
HPRegen 0.05/turn               (no ring)
MPRegen 0.15/turn               (no ring)

@: no status effects
A: fangs 2, magic shield, antimagic bite, no potion heal 2
a: no special abilities


You were on level 3 of the Dungeon.
You visited 1 branch of the dungeon, and saw 3 of its levels.

You collected 68 gold pieces.

Inventory:

Hand Weapons
 h - a +0 hand axe (weapon)
Armour
 g - a +0 leather armour
 r - the +4 ring mail of the Slightly Bent (worn) {rN+ MP+9 Int-2}
   (You found it on level 2 of the Dungeon)

   Int:       It affects your intelligence (-2).
   rN:        It protects you from negative energy.
   MP:        It affects your magic capacity (+9).
Jewellery
 o - an amulet of faith
Scrolls
 c - a scroll of silence {unknown}
 d - 4 scrolls of identify {unknown}
 i - a scroll of noise {unknown}
 l - a scroll of butterflies {unknown}
 m - a scroll of blinking {unknown}
 n - a scroll of vulnerability {unknown}
 s - a scroll of teleportation {unknown}
Potions
 a - a potion of berserk rage {unknown}
 b - a potion of magic
 e - 2 potions of mutation {unknown}
 f - 2 potions of degeneration {unknown}
 j - a potion of might {unknown}
 k - a potion of heal wounds {unknown}
 p - 2 potions of curing
 q - a potion of invisibility {unknown}


   Skills:
 + Level 0.3 Axes
 + Level 0.1 Armour
 + Level 1.8 Dodging
 + Level 3.0 Stealth
 + Level 2.4 Spellcasting
 + Level 1.1 Transmutations
 + Level 3.5 Poison Magic


You couldn't memorise any spells.
You knew the following spells:

 Your Spells              Type           Power      Damage    Failure   Level
a - Sting                 Tmut/Pois      32%        1d4       22%         1
b - Poisonous Vapours     Pois/Air       14%        N/A       38%         2
c - Mephitic Cloud        Conj/Pois/Air  5%         N/A       71%         3

Your spell library contained the following spells:

 Spells                   Type           Power      Damage    Failure   Level
 Apportation              Tloc           2%         N/A       50%         1
 Necrotise                Necr           4%         1d4       50%         1
 Summon Small Mammal      Summ           4%         N/A       50%         1
 Olgreb's Toxic Radiance  Pois           12%        N/A       77%         4
 Stone Arrow              Conj/Erth      2%         3d7       86%         3
 Fulminant Prism          Conj/Hex       0%         3d6       99%         4
 Iskenderun's Mystic Bla  Conj/Tloc      1%         2d3       99%         4
 Irradiate                Conj/Tmut      1%         3d12      100%        5
 Lee's Rapid Deconstruct  Erth           0%         3d5*      100%        5
 Maxwell's Capacitive Co  Air            0%         ∞         100%        8


Dungeon Overview and Level Annotations

Branches:
Dungeon (3/15)

Altars:


Innate Abilities, Weirdness & Mutations

You have extremely sharp teeth.
When hurt, damage is shared between your health and your magic reserves.
Your bite disrupts and absorbs the magic of your enemies.
Potions cannot restore your health.


Message History

Your Stealth skill increases to level 3!
You hit the gnoll but do no damage. Your bite misses the gnoll.
The gnoll hits you but does no damage. The gnoll barely misses you.
Your magical contamination has completely faded away.
You closely miss the gnoll. You punch the gnoll, but do no damage.
The gnoll hits you but does no damage. x2
The gnoll hits you from afar with a +3 spear.
The gnoll hits you with a +0 flail!
Unknown command.
You hit the gnoll. Your bite misses the gnoll.
The gnoll is lightly wounded.
The gnoll barely misses you.
The gnoll hits you from afar with a +3 spear.
Unknown command.
You hit the gnoll but do no damage.
The gnoll is lightly wounded.
The gnoll closely misses you.
The gnoll hits you from afar with a +3 spear.
* * * LOW HITPOINT WARNING * * *
Unknown command.
You hit the gnoll.
The gnoll is moderately wounded.
The gnoll hits you with a +0 flail.
* * * LOW HITPOINT WARNING * * *
The gnoll hits you from afar with a +3 spear.
* * * LOW HITPOINT WARNING * * *
The gnoll hits you from afar with a +3 spear.
* * * LOW HITPOINT WARNING * * *
The gnoll barely misses you.
It was a potion of curing.
That felt strangely inert.
The gnoll hits you but does no damage. The gnoll closely misses you.
You hit the gnoll.
The gnoll is moderately wounded.
The gnoll barely misses you. The gnoll closely misses you.
Unknown command.
Okay, then.
The gnoll attacks as you move away! The gnoll closely misses you.
You have no ailments to cure.
The gnoll attacks as you move away! The gnoll hits you with a +0 flail.
You die...

## ############
..##..........#
..............#
##............#
...#..........#
...#..........#
...#..........#####
...#..#######...@g####
.....## #####.g..##
#..### ####..## ..
#..### ##..##..#.
#†...# ######........
#....# #......##.....
.....########
...####....##..
.#........... .....# .
##.......## . #..####


You could see 2 gnolls.

Vanquished Creatures
  A worm (D:3)
  A dart slug (D:1)
  2 ball pythons
  5 bats
  3 endoplasms
  3 giant cockroaches
  3 hobgoblins
  2 jackals (D:1)
  A frilled lizard (D:2)
  A kobold (D:1)
  3 rats
25 creatures vanquished.

Notes
Turn   | Place    | Note
-------+----------+-------------------------------------------
     0 | D:1      | xian the Vine Stalker Venom Mage began the quest for the
                  | Orb.
     0 | D:1      | Reached XP level 1. HP: 9/9 MP: 4/4
   507 | D:1      | Reached XP level 2. HP: 13/13 MP: 3/6
   514 | D:1      | Learned a level 2 spell: Poisonous Vapours
   539 | D:1      | Got the Handbook of the Storm and Blows and Bruises
  1898 | D:2      | Reached XP level 3. HP: 16/16 MP: 2/7
  1956 | D:2      | Learned a level 3 spell: Mephitic Cloud
  2049 | D:2      | Identified the +4 ring mail of the Slightly Bent {rN+ MP+9
                  | Int-2}
  2440 | D:3      | Slain by a gnoll

Illustrated notes

Levels and vault maps discovered:
D:1:      ebering_hopf_link, layout_basic, minivault_19
D:2:      layout_loops_ring
D:3:      layout_rooms, minmay_puff

Skill      XL: |  1  2  3 |
---------------+----------+-----
Stealth        | 3 |  3.0
Axes           | |  0.3
Armour         | |  0.1
Dodging        | |  1.8
Spellcasting   | |  2.4
Transmutations | |  1.1
Poison Magic   | |  3.5

Action                   || total
-------------------------++-------
Melee: Unarmed           ||     8
       Hand axe          ||    38
       Bite              ||     8
       Punch             ||     2
 Cast: Sting             ||    19
       Poisonous Vapours ||     1
  Use: Potion            ||     1
 Stab: Sleeping          ||     2
Armor: Robe              ||     3
       Leather armour    ||    12
       Ring mail         ||    10
Dodge: Dodged            ||    36
